 Dungeon Crawl Stone Soup version 0.22.1-6-g1668fe2 (webtiles) character file.

126 prey the Skirmisher (level 4, -2/41 HPs)
             Began as a Minotaur Berserker on Jan 22, 2019.
             Was a Believer of Trog.
             Slain by an orc priest
             ... wielding a +0 hand axe
              (5 damage)
             ... on level 3 of the Dungeon.
             The game lasted 00:09:56 (1913 turns).

prey the Skirmisher (Minotaur Berserker)            Turns: 1913, Time: 00:09:57

Health: -2/41      AC:  6    Str: 21    XL:     4   Next: 83%
Magic:  3/3        EV: 11    Int:  5    God:    Trog [**....]
Gold:   95         SH:  0    Dex: 10    Spells: 3/3 levels left

rFire    + . .     SeeInvis +   y - +0 flail
rCold    + . .     Gourm    .   (no shield)
rNeg     . . .     Faith    .   z - +0 scale mail
rPois    .         Spirit   .   o - +0 hat
rElec    .         Reflect  .   e - scarf {rC+ rF+}
rCorr    .         Harm     .   (no gloves)
MR       .....                  (no boots)
Stlth    ..........             (no amulet)
HPRegen  0.13/turn              m - ring of see invisible
MPRegen  0.08/turn              (no ring)

@: no status effects
A: retaliatory headbutt, horns 2
a: Berserk, Trog's Hand, Renounce Religion


You were on level 3 of the Dungeon.
You worshipped Trog.
Trog was pleased with you.
You were not hungry.

You visited 1 branch of the dungeon, and saw 3 of its levels.

You collected 95 gold pieces.

Inventory:

Hand Weapons
 a - a +0 spear
 y - a +0 flail (weapon)
Armour
 b - a +0 animal skin
 e - a scarf of resistance (worn)
 o - a +0 hat (worn)
 z - a +0 scale mail (worn)
Jewellery
 d - an uncursed ring of protection from fire {unknown}
 m - a ring of see invisible (left hand)
 r - an uncursed ring of wizardry {unknown}
Scrolls
 f - a scroll of immolation {unknown}
 i - 3 scrolls of identify {unknown}
 j - 3 scrolls of remove curse {unknown}
 k - a scroll of amnesia {unknown}
 l - 2 scrolls of random uselessness {unknown}
 n - 2 scrolls of enchant weapon {unknown}
 s - a scroll of enchant armour {unknown}
 t - 2 scrolls of teleportation {unknown}
 w - a scroll of fear {unknown}
 A - a scroll of noise {unknown}
Potions
 g - a potion of curing {unknown}
 h - a potion of mutation {unknown}
 p - a potion of magic {unknown}
 q - a potion of haste {unknown}
 u - 2 potions of flight {unknown}
 v - a potion of might
Comestibles
 c - 3 rations
 x - 8 chunks of flesh


   Skills:
 * Level 4.8 Fighting
 + Level 4.5 Polearms
 + Level 3.2 Armour
 * Level 3.5 Dodging


You had 3 spell levels left.
You didn't know any spells.
Your spell library was empty.

Dungeon Overview and Level Annotations

Branches:
Dungeon (3/15)

Altars:
Okawaru


Innate Abilities, Weirdness & Mutations

You reflexively headbutt those who attack you in melee.
You have a pair of horns on your head.


Message History

You are too injured to fight recklessly!
You are too injured to fight recklessly!
You are too injured to fight recklessly!
You are too injured to fight recklessly!
You barely miss the orc. You headbutt the orc, but do no damage.
The orc priest calls down the wrath of Beogh upon you.
Beogh smites you!
* * * LOW HITPOINT WARNING * * *
The orc closely misses you.
You sock the orc!
You kill the orc!
Trog accepts your kill.
Your scale mail prevents you from hitting the orc.
The orc barely misses you.
The orc priest miscasts a cantrip.
You barely miss the orc. You headbutt the orc.
You kill the orc!
Trog accepts your kill.
The orc priest hits you with a hand axe.
You die...

##########......
#...............
#.########...... #.#
#...... #)# #.#....
#.# #.##.#) #.#
#.#.###
#######.########.##.#.
#...o@.......$........
#.#.############......
# ######. #. #. ##
####


You could see an orc priest.

Vanquished Creatures
  An orc wizard (D:3)
  2 adders
  A dart slug (D:2)
  2 leopard geckos
  11 orcs (D:3)
  4 giant cockroaches
  9 goblins
  8 hobgoblins
  4 jackals
  8 bats
  4 frilled lizards
  3 kobolds
  5 rats (D:2)
62 creatures vanquished.

Notes
Turn   | Place    | Note
-------+----------+-------------------------------------------
     0 | D:1      | prey the Minotaur Berserker began the quest for the Orb.
     0 | D:1      | Reached XP level 1. HP: 19/19 MP: 0/0
   224 | D:1      | Reached XP level 2. HP: 26/27 MP: 1/1
   818 | D:2      | Reached XP level 3. HP: 19/33 MP: 2/2
   819 | D:2      | Found an iron altar of Okawaru.
  1022 | D:2      | Reached ** piety under Trog
  1223 | D:2      | Found a faded altar of an unknown god.
  1595 | D:3      | Reached XP level 4. HP: 36/41 MP: 3/3
  1910 | D:3      | HP: 2/41 [orc priest/divine providence (12)]
  1913 | D:3      | Slain by an orc priest

Skill      XL: |  1  2  3 |
---------------+----------+-----
Fighting       | 4 |  4.8
Polearms       | 4 |  4.5
Dodging        | 3 |  3.5
Armour         | 3 |  3.2

Action                   |  1- 3 |  4- 6 || total
-------------------------+-------+-------++-------
Melee: Spear             |   110 |    17 ||   127
       Headbutt          |    13 |    11 ||    24
       Flail             |       |    43 ||    43
Invok: Berserk           |     1 |       ||     1
 Stab: Sleeping          |     1 |       ||     1
  Eat: Chunk             |     2 |     2 ||     4
Armor: Animal skin       |     4 |       ||     4
       Scale mail        |       |    10 ||    10
Dodge: Dodged            |    43 |    33 ||    76
